 Dungeon Crawl Stone Soup version 0.19-a0-1855-gb7442ac (webtiles) character file.

10 hurricos the Ducker (level 2, 13/14 HPs)
             Began as a Spriggan Abyssal Knight on Oct 11, 2016.
             Was an Initiate of Lugonu.
             Got out of the dungeon alive.
             The game lasted 00:01:25 (590 turns).

hurricos the Ducker (Spriggan Abyssal Knight)        Turns: 590, Time: 00:01:26

Health: 13/14      AC:  2    Str:  8      XL:     2   Next: 10%
Magic:  4/4        EV: 18    Int: 13      God:    Lugonu [......]
Gold:   52         SH:  0    Dex: 14 (15) Spells: 0 memorised, 1 level left

rFire  . . .     SeeInvis +     a - +1 spear
rCold  . . .     Gourm    .     b - +0 robe
rNeg   . . .     Faith    .     (shield restricted)
rPois  .         Spirit   .     (helmet restricted)
rElec  .         Dismiss  .     (no cloak)
rCorr  .         Reflect  .     (gloves unavailable)
MR     .....     Harm     .     (boots unavailable)
Stlth  +++.......               (no amulet)
                                (no ring)
                                e - ring of stealth

@: very quick
A: unfitting armour, see invisible, herbivore 3, speed 3, frail 1, slow
metabolism 2
a: Renounce Religion


You escaped.
You worshipped Lugonu.
Lugonu was noncommittal.
You were not hungry.

You visited 1 branch of the dungeon, and saw 1 of its levels.
You visited the Abyss 1 time.

You collected 52 gold pieces.

Inventory:

Hand Weapons
 a - a +1 spear (weapon)
 f - a +0 scimitar
Armour
 b - a +0 robe (worn)
Jewellery
 e - a ring of stealth (left hand)
Potions
 d - a potion of curing
Miscellaneous
 g - a disc of storms
Comestibles
 c - a bread ration


   Skills:
 - Level 2.4 Fighting
 - Level 1.3 Polearms
 - Level 3.5 Dodging
 + Level 3.0 Stealth
 - Level 1.7 Invocations


You had one spell level left.
You didn't know any spells.

Dungeon Overview and Level Annotations

Branches:
Dungeon (1/15)

Altars:


Innate Abilities, Weirdness & Mutations

You are very small and have problems with some larger weapons.
You are too small for most types of armour.
You have supernaturally acute eyesight. (SInv)
You are a herbivore.
You cover ground extremely quickly.
You need consume almost no food.
You are frail. (-10% HP)


Message History

No target in view!
No target in view!
No target in view!
No target in view!
No target in view!
No target in view!
No target in view!
No target in view!
No target in view!
No target in view!
No target in view!
(D) Dungeon
Where to? (? - help)
Okay, then.
There is a stone staircase leading down here.
There is a staircase leading out of the dungeon here.
Are you sure you want to leave the Dungeon?
This will make you lose the game!
Alright, then stay!
Are you sure you want to leave the Dungeon?
This will make you lose the game!
You have escaped!

.##############
## # ## ## #8#8
## ###8#8# ##.#
#8#8###.## ##.#.
##.###.#.##
##.###
#@#.#.###.###.##
# ####.##
##.#.## #8#8#
##.## ## ##
#8#8# ## ##


There were no monsters in sight!

Vanquished Creatures
  An ufetubus (Abyss:2)
  3 bats (D:1)
  2 frilled lizards (D:1)
  A kobold (D:1)
7 creatures vanquished.

Notes
Turn   | Place    | Note
-------+----------+-------------------------------------------
     0 | Abyss:1  | hurricos the Spriggan Abyssal Knight began the quest for the Orb.
     0 | Abyss:1  | Reached XP level 1. HP: 11/11 MP: 3/3
   131 | Abyss:1  | Noticed a jiangshi
   144 | Abyss:1  | Noticed a small abomination
   177 | Abyss:1  | Noticed a chaos spawn
   181 | Abyss:1  | Noticed a large abomination
   238 | Abyss:1  | Noticed a small abomination
   241 | Abyss:1  | Noticed a sky beast
   255 | Abyss:1  | Noticed a wraith
   296 | Abyss:2  | Noticed a chaos spawn
   298 | Abyss:2  | Noticed an ancient zyme
   299 | Abyss:2  | Noticed a neqoxec
   301 | Abyss:2  | Noticed a crimson imp
   301 | Abyss:2  | Noticed an iron imp
   301 | Abyss:2  | Gained mutation: You are frail. (-10% HP) [a neqoxec]
   302 | Abyss:2  | Noticed a chaos spawn
   305 | Abyss:2  | Noticed a blink frog
   327 | Abyss:2  | Noticed a small abomination
   329 | Abyss:2  | Noticed a ynoxinul
   333 | Abyss:2  | Noticed a tentacled starspawn
   359 | Abyss:2  | Noticed an earth elemental
   371 | Abyss:2  | Noticed a quasit
   375 | Abyss:2  | Noticed a wretched star
   395 | Abyss:3  | Noticed a spatial maelstrom
   399 | D:1      | Escaped the Abyss
   511 | D:1      | Reached XP level 2. HP: 11/14 MP: 4/4
   590 | D:$      | Got out of the dungeon alive.

Vault maps used:
D:1:      nagdon_arrival_zigzag_paths, nemelex_xobeh_ov_fountains_minmay

Skill      XL: |  1  2 |
---------------+-------+-----
Stealth        | 2 3 |  3.0
Fighting       | |  2.4
Polearms       | |  1.3
Dodging        | |  3.5
Invocations    | |  1.7

Action                   || total
-------------------------++-------
Melee: Spear             ||    20
Invok: Depart the Abyss  ||     1
  Use: Potion            ||     4
 Stab: Sleeping          ||     1
Armor: Robe              ||     2
Dodge: Dodged            ||    18
